 Dungeon Crawl Stone Soup version 0.14.0-7-g2801ba0 (webtiles) character file.

86 Terrorblade the Caller (level 2, -3/20 HPs)
             Began as a Centaur Summoner on Apr 13, 2014.
             Killed by nerve-wracking pain
             ... invoked by Jessica
              (5 damage)
             ... on Level 2 of the Dungeon.
             The game lasted 00:02:23 (978 turns).

Terrorblade the Caller (Centaur Summoner)            Turns: 978, Time: 00:02:23

HP  -3/20        AC  5     Str 10      XL: 2   Next: 82%
MP   3/3         EV 15     Int 19      God:
Gold 61          SH  0     Dex 14      Spells:  1 memorised,  3 levels left

rFire  . . .     SeeInvis .     g - +0 hand axe
rCold  . . .     Clarity  .     a - +0 robe
rNeg   . . .     Conserve .     (no shield)
rPois  .         rCorr    .     (no helmet)
rElec  .         rRot     .     (no cloak)
SustAb . .       Spirit   .     h - +0 pair of gloves
rMut   .         Warding  .     (no barding)
Saprov . . .     Stasis   .     (no amulet)
MR     .....                    (no ring)
                                (no ring)

@: brilliant, agile, slowed, not resistant to hostile enchantments, fairly
stealthy
A: hooves 3, deformed body, herbivore 1, speed 2, fast metabolism 1, tough skin
3
a: no special abilities


You were on level 2 of the Dungeon.
You were hungry.

You visited 1 branch of the dungeon, and saw 2 of its levels.

You collected 61 gold pieces.


Innate Abilities, Weirdness & Mutations

You have hooves in place of feet.
Armour fits poorly on your strangely shaped body.
You digest meat inefficiently.
You cover ground very quickly.
You have a fast metabolism.
You have extremely tough skin (AC +3).


   Skills:
 + Level 1.0 Axes
 - Level 2.7 Throwing
 - Level 1.3 Dodging
 - Level 1.2 Stealth
 - Level 1.5 Spellcasting
 - Level 3.6 Summonings


You had 3 spell levels left.
You knew the following spells:

 Your Spells              Type           Power        Failure   Level  Hunger
a - Summon Small Mammal   Summ           ####         1%          1    ##.....

Inventory:

Hand weapons
 g - a +0,+0 hand axe (weapon)
Missiles
 d - 19 darts (quivered)
 m - 9 stones
Armour
 a - a +0 robe (worn)
 h - a +0 pair of gloves (worn)
Comestibles
 c - 3 bread rations
 f - a pear
 l - a meat ration
Scrolls
 e - 2 scrolls of remove curse {unknown}
 j - a scroll of identify {unknown}
Potions
 k - a potion of brilliance
Books
 b - a book of Callings

   Spells                             Type                      Level
   *Summon Small Mammal               Summoning                    1
   Call Imp                           Summoning                    2
   Call Canine Familiar               Summoning                    3
   Summon Guardian Golem              Hexes/Summoning              4
   Summon Lightning Spire             Summoning/Air                4
   Summon Ice Beast                   Ice/Summoning                4

Dungeon Overview and Level Annotations

Branches:
Dungeon (2/15)

Altars:

Annotations:
D:2 Jessica

▒▒▒·▒▒▒▒▒▒▒▒·······
▒▒·%▒ ▒▒▒▒▒+▒▒
▒··▒▒ ▒▒·▒▒ ▒··▒
▒▒'▒▒▒▒▒▒▒
▒········▒
▒········▒
▒·@·c#···▒
▒········▒
▒········+
▒········▒
▒▒+▒▒▒▒▒▒▒


You could see Jessica.


Message History

Jessica misses you. Jessica hits you with a dagger. Jessica barely misses you.
You barely miss Jessica.
Jessica is moderately wounded.
Jessica hits you with a dagger.
* * * LOW HITPOINT WARNING * * *
Jessica mumbles some strange words.
Jessica blinks!
You are too injured to fight recklessly!
You are too injured to fight recklessly!
Jessica points at you and mumbles some strange words.
Pain shoots through your body!
* * * LOW HITPOINT WARNING * * *
You hit Jessica but do no damage.
Jessica is moderately wounded.
Jessica hits you but does no damage. Jessica barely misses you.
Jessica hits you but does no damage.
Drink which item? (? for menu, Esc to quit)
You feel clever all of a sudden.
It was a potion of brilliance.
Jessica closely misses you.
Jessica points at you and mumbles some strange words.
Pain shoots through your body!
* * * LOW HITPOINT WARNING * * *
Drink which item? (? for menu, Esc to quit)
You feel agile all of a sudden.
It was a potion of agility.
Jessica gestures wildly while chanting.
Jessica blinks!
Jessica gestures at you while chanting. Pain shoots through your body!
You die...

Action                   || total
-------------------------++-------
Melee: Unarmed           ||    20
       Hand axe          ||    62
Throw: Dart              ||    17
  Use: Potion            ||     2

Vault maps used:
D:1:      evilmike_arrival_fibonacci_small, minmay_cut_off
D:2:      uniq_sigmund, uniq_jessica

Notes
Turn   | Place    | Note
--------------------------------------------------------------
     0 | D:1      | Terrorblade, the Centaur Summoner, began the quest for the Orb.
     0 | D:1      | Reached XP level 1. HP: 14/14 MP: 2/2
   179 | D:1      | Reached skill level 1 in Throwing
   338 | D:1      | Reached skill level 2 in Throwing
   385 | D:1      | Reached XP level 2. HP: 17/20 MP: 3/3
   892 | D:2      | Reached skill level 1 in Axes
   966 | D:2      | Noticed Jessica
   975 | D:2      | HP: 2/20 [Jessica/nerve-wracking pain (7)]
   978 | D:2      | Killed from afar by Jessica

Vanquished Creatures
  An ooze (D:1)
  2 bats
  4 giant cockroaches
  3 hobgoblins
  A ball python (D:1)
  A giant newt (D:1)
  5 goblins (D:1)
  4 kobolds (D:1)
  3 rats (D:1)
24 creatures vanquished.
